Map: Jagannatha LE

Players

Sated

  • Race: Protoss Protoss

Iba - Winner!

  • Race: Zerg Zerg
  • League: Master

VOD

Have the link to the VOD?

Description

Time

  • Played on: Aug. 2, 2021, 4:23 a.m.
  • Length: 18:31
Show
View Real Time Build Order
Export as new Build Order

Sated Protoss 

Build Orders: Nexus First, Carriers 

Get SALT Encoding   

  12  0:00  Probe  
  13  0:12  Probe  
  14  0:20  Pylon  
  14  0:24  Probe  
  15  0:38  Probe (Chrono Boost)  
  16  0:46  Probe (Chrono Boost)  
  17  0:53  Probe  
  18  1:03  Nexus  
  18  1:14  Gateway  
  18  1:17  Probe (Chrono Boost)  
  19  1:24  Assimilator  
  19  1:27  Probe (Chrono Boost)  
  19  1:30  Assimilator  
  19  1:32  Probe (Chrono Boost)  
  21  1:40  Pylon  
  21  1:44  Probe  
  22  1:56  Probe  
  22  2:01  Cybernetics Core  
  23  2:03  Zealot  
  23  2:08  Probe  
  26  2:16  Gateway  
  26  2:19  Probe (Chrono Boost)  
  27  2:23  Probe (Chrono Boost)  
  29  2:31  Probe (Chrono Boost)  
  29  2:33  Probe (Chrono Boost)  
  29  2:36  Probe (Chrono Boost)  
  30  2:37  Sentry  
  30  2:38  Probe (Chrono Boost)  
  34  2:46  Probe  
  34  2:49  Probe  
  37  2:58  Probe  
  37  2:59  Shield Battery  
  37  3:01  Probe  
  37  3:05  Adept x2  
  39  3:10  Probe  
  42  3:13  Stargate  
  42  3:17  Pylon  
  42  3:18  Probe  
  43  3:22  Probe (Chrono Boost)  
  44  3:30  Probe (Chrono Boost)  
  44  3:31  Pylon  
  46  3:34  Probe (Chrono Boost)  
  46  3:40  Probe (Chrono Boost)  
  47  3:42  Probe (Chrono Boost)  
  47  3:45  Probe (Chrono Boost)  
  49  3:52  Void Ray  
  49  3:59  Probe x2  
  55  4:04  Pylon  
  55  4:13  Nexus  
  55  4:14  Pylon  
  55  4:17  Pylon  
  55  4:19  Probe x2  
  57  4:24  Assimilator  
  57  4:27  Assimilator  
  57  4:29  Void Ray  
  57  4:31  Probe x2  
  58  4:32  Shield Battery  
  58  4:38  Shield Battery  
  63  4:49  Stargate  
  63  4:50  Stargate  
  59  4:54  Probe x2 (Chrono Boost)  
  60  5:06  Probe (Chrono Boost)  
  60  5:07  Probe (Chrono Boost)  
  62  5:08  Void Ray  
  62  5:16  Forge  
  62  5:19  Protoss Air Weapons Level 1  
  66  5:22  Probe x2  
  68  5:33  Probe  
  68  5:34  Probe x2  
  68  5:35  Assimilator  
  71  5:38  Void Ray x2  
  71  5:39  Assimilator  
  71  5:45  Probe  
  71  5:46  Probe x2  
  82  5:51  Void Ray  
  82  5:57  Probe (Chrono Boost)  
  82  6:00  Probe (Chrono Boost)  
  82  6:02  Probe (Chrono Boost)  
  89  6:08  Probe (Chrono Boost)  
  89  6:10  Probe (Chrono Boost)  
  92  6:11  Photon Cannon  
  92  6:12  Probe (Chrono Boost)  
  92  6:13  Photon Cannon  
  92  6:15  Photon Cannon, Probe (Chrono Boost)  
  92  6:16  Probe (Chrono Boost)  
  92  6:17  Probe (Chrono Boost)  
  95  6:19  Fleet Beacon  
  95  6:23  Probe  
  95  6:25  Probe  
  97  6:26  Probe  
  98  6:33  Pylon  
  98  6:35  Pylon  
  98  6:38  Pylon  
  98  6:39  Pylon  
  98  6:52  Photon Cannon  
  102  6:57  Photon Cannon  
  102  6:58  Photon Cannon  
  102  6:59  Carrier (Chrono Boost)  
  98  7:08  Carrier (Chrono Boost)  
  116  7:09  Carrier (Chrono Boost)  
  116  7:25  Photon Cannon  
  116  7:27  Photon Cannon  
  116  7:29  Photon Cannon  
  116  7:32  Photon Cannon x2  
  116  7:40  Protoss Air Weapons Level 2 (Chrono Boost)  
  116  7:42  Pylon  
  116  7:43  Shield Battery x2  
  116  7:44  Shield Battery  
  116  7:49  Carrier  
  116  7:50  Pylon  
  116  7:59  Nexus  
  128  8:06  Carrier (Chrono Boost)  
  134  8:17  Carrier (Chrono Boost)  
  134  8:30  Photon Cannon  
  134  8:32  Photon Cannon  
  134  8:35  Photon Cannon  
  134  8:37  Photon Cannon  
  134  8:40  Photon Cannon  
  134  8:44  Pylon  
  134  8:47  Pylon  
  134  8:53  Carrier (Chrono Boost), Stargate  
  134  8:54  Stargate x2  
  140  9:05  Shield Battery  
  140  9:08  Shield Battery  
  140  9:11  Shield Battery  
  140  9:12  Carrier (Chrono Boost)  
  146  9:29  Carrier (Chrono Boost)  
  152  9:38  Photon Cannon x2  
  152  9:39  Photon Cannon  
  152  9:40  Photon Cannon  
  152  9:47  Assimilator  
  152  9:48  Void Ray (Chrono Boost)  
  152  9:49  Void Ray (Chrono Boost), Pylon  
  152  9:50  Assimilator  
  152  9:51  Pylon  
  152  9:52  Void Ray (Chrono Boost)  
  164  10:03  Void Ray (Chrono Boost)  
  168  10:07  Protoss Shields Level 1  
  168  10:08  Void Ray (Chrono Boost)  
  172  10:25  Protoss Air Weapons Level 3 (Chrono Boost)  
  172  10:29  Void Ray  
  172  10:34  Photon Cannon  
  172  10:36  Void Ray x2  
  172  10:38  Nexus  
  172  10:39  Pylon  
  184  10:51  Oracle  
  187  10:58  Photon Cannon x2  
  187  11:00  Photon Cannon  
  187  11:02  Photon Cannon  
  187  11:04  Oracle, Photon Cannon  
  187  11:09  Photon Cannon  
  187  11:11  Pylon  
  190  11:13  Pylon  
  190  11:18  Oracle  
  193  11:23  Oracle  
  196  11:28  Oracle  
  196  11:31  Photon Cannon  
  196  11:32  Photon Cannon  
  199  11:34  Shield Battery  
  199  11:36  Shield Battery  
  199  11:41  Shield Battery  
  199  11:45  Assimilator  
  199  11:49  Assimilator  
  199  11:55  Photon Cannon  
  199  11:56  Photon Cannon x2  
  199  11:57  Photon Cannon  
  199  11:59  Photon Cannon  
  199  12:14  Stargate  
  199  12:15  Stargate  
  199  12:20  Stargate  
  199  12:22  Stargate  
  199  12:52  Pylon  
  199  12:57  Pylon  
  199  12:59  Protoss Air Armor Level 1 (Chrono Boost)  
  199  13:20  Nexus  
  199  13:22  Pylon  
  175  14:00  Carrier x5 (Chrono Boost)  
  175  14:01  Carrier x2 (Chrono Boost)  
  194  14:17  Carrier (Chrono Boost)  
  194  14:21  Carrier (Chrono Boost)  
  194  14:27  Carrier (Chrono Boost)  
  194  14:30  Twilight Council  
  194  14:41  Photon Cannon  
  194  14:42  Photon Cannon  
  194  14:44  Photon Cannon  
  194  14:46  Photon Cannon  
  194  14:47  Photon Cannon  
  194  14:49  Photon Cannon  
  194  14:51  Photon Cannon, Shield Battery  
  194  14:54  Pylon  
  194  14:55  Oracle x2 (Chrono Boost)  
  200  15:07  Photon Cannon  
  200  15:08  Photon Cannon  
  200  15:12  Assimilator  
  200  15:15  Assimilator  
  198  15:52  Photon Cannon  
  198  15:54  Photon Cannon  
  198  15:57  Pylon  
  198  15:58  Pylon  
  192  16:22  Void Ray x4 (Chrono Boost)  
  170  16:26  Void Ray x2 (Chrono Boost)  
  170  16:30  Void Ray x3 (Chrono Boost)  
  140  16:45  Void Ray (Chrono Boost)  
  128  16:59  Void Ray (Chrono Boost)  
  128  17:00  Void Ray (Chrono Boost)  
  136  17:05  Void Ray (Chrono Boost)  
  136  17:06  Void Ray x2 (Chrono Boost)  
  132  17:15  Void Ray x2  
  140  17:26  Void Ray  
  140  17:27  Void Ray  
  120  17:33  Void Ray  
  112  17:40  Void Ray  
Show
View Real Time Build Order
Export as new Build Order

Iba Zerg - Winner!

Build Orders: Hatch First 

Get SALT Encoding   

  12  0:00  Drone  
  13  0:16  Overlord  
  13  0:19  Drone  
  14  0:37  Drone x2  
  16  0:49  Hatchery  
  15  0:53  Drone  
  15  0:57  Drone  
  17  1:02  Drone  
  18  1:11  Extractor  
  17  1:18  Spawning Pool  
  16  1:20  Drone  
  16  1:24  Drone  
  18  1:32  Drone  
  19  1:46  Drone  
  20  1:57  Overlord  
  20  2:04  Queen x2  
  20  2:05  Zergling x4  
  26  2:12  Drone  
  27  2:16  Drone  
  27  2:21  Metabolic Boost  
  28  2:26  Drone  
  28  2:27  Drone  
  30  2:38  Hatchery  
  29  2:47  Zergling x4  
  29  2:48  Drone  
  29  2:49  Drone  
  33  2:55  Queen  
  35  3:00  Overlord  
  35  3:05  Drone  
  36  3:19  Queen  
  38  3:21  Drone x2  
  38  3:22  Drone x3  
  38  3:26  Drone  
  44  3:29  Overlord  
  44  3:42  Overlord  
  44  3:47  Queen  
  46  3:52  Queen  
  46  3:53  Drone x5  
  52  3:57  Zergling x4  
  52  4:02  Drone x3  
  57  4:05  Drone  
  57  4:06  Drone  
  59  4:13  Spore Crawler  
  59  4:14  Drone x3  
  61  4:21  Zergling x2  
  62  4:25  Drone  
  62  4:26  Drone x3  
  66  4:33  Lair  
  66  4:37  Overlord  
  66  4:38  Roach Warren  
  66  4:44  Drone x2  
  64  4:56  Drone x5  
  64  4:59  Drone x3  
  71  5:03  Drone x2, Extractor  
  71  5:04  Drone x2  
  71  5:05  Extractor  
  71  5:06  Pneumatized Carapace, Overlord  
  73  5:08  Overlord  
  73  5:11  Zergling x2  
  73  5:12  Overlord  
  74  5:17  Hatchery  
  74  5:18  Extractor  
  72  5:24  Evolution Chamber  
  70  5:30  Zergling x6  
  70  5:31  Drone  
  70  5:32  Drone x8  
  70  5:33  Overseer  
  82  5:38  Drone  
  82  5:47  Drone x6  
  82  5:49  Overseer  
  88  5:50  Glial Reconstitution, Zerg Missile Weapons Level 1  
  88  5:52  Overseer  
  88  6:01  Extractor  
  87  6:06  Overlord  
  87  6:07  Drone x3  
  87  6:09  Overlord x2  
  87  6:10  Queen x3  
  96  6:13  Extractor  
  96  6:14  Infestation Pit, Drone x3  
  96  6:16  Overlord  
  98  6:25  Drone  
  98  6:28  Drone x2  
  98  6:30  Spore Crawler x2  
  98  6:32  Queen  
  98  6:33  Drone  
  98  6:34  Drone  
  98  6:35  Drone x5  
  98  6:36  Drone  
  98  6:37  Drone, Extractor  
  98  6:38  Extractor  
  107  6:47  Drone  
  107  6:48  Drone  
  107  6:49  Spire  
  107  6:51  Pathogen Glands  
  108  6:54  Queen  
  108  6:56  Queen  
  108  6:59  Drone x3  
  115  7:05  Hatchery  
  115  7:06  Drone  
  115  7:07  Spore Crawler  
  114  7:15  Drone  
  113  7:20  Queen x2  
  113  7:22  Overlord x3  
  117  7:30  Hive  
  117  7:34  Evolution Chamber  
  116  7:38  Drone  
  116  7:39  Drone  
  116  7:41  Evolution Chamber  
  116  7:44  Infestor x6  
  117  7:45  Infestor  
  117  7:46  Infestor  
  117  7:48  Queen  
  117  7:49  Drone x5  
  117  7:50  Drone x3  
  117  7:51  Overlord x2  
  143  8:01  Zerg Missile Weapons Level 2  
  143  8:02  Zerg Melee Weapons Level 1  
  143  8:08  Zerg Flyer Armor Level 1  
  143  8:12  Spore Crawler, Extractor  
  142  8:13  Drone x4, Extractor  
  142  8:14  Spore Crawler x2  
  142  8:15  Drone, Spore Crawler  
  142  8:18  Overlord  
  142  8:21  Zerg Ground Armor Level 1  
  142  8:25  Infestor  
  144  8:29  Queen x3  
  144  8:30  Queen  
  144  8:33  Overlord  
  152  8:37  Drone  
  152  8:38  Drone, Spore Crawler  
  152  8:40  Spore Crawler  
  152  8:52  Adrenal Glands  
  152  8:53  Ultralisk Cavern, Queen  
  153  8:59  Infestor x2  
  153  9:00  Infestor, Spore Crawler x2  
  157  9:05  Drone x6, Queen x2  
  167  9:15  Neural Parasite  
  167  9:16  Burrow  
  167  9:24  Spire  
  166  9:25  Drone x3  
  166  9:27  Spore Crawler  
  166  9:29  Overlord  
  166  9:40  Infestor x2  
  166  9:41  Infestor  
  172  9:46  Overlord x2  
  172  9:48  Drone x2  
  172  9:49  Drone x5  
  172  9:50  Drone x2, Spore Crawler  
  172  9:52  Overlord x2  
  180  9:54  Spore Crawler  
  180  9:55  Spore Crawler  
  180  9:58  Spore Crawler  
  180  9:59  Ultralisk  
  189  10:00  Ultralisk, Spore Crawler  
  189  10:04  Viper x2  
  189  10:06  Hatchery  
  193  10:10  Ultralisk  
  199  10:21  Overseer x3  
  199  10:33  Zerg Melee Weapons Level 2, Zerg Missile Weapons Level 3  
  199  10:34  Spore Crawler  
  199  10:35  Zerg Ground Armor Level 2, Spore Crawler  
  197  10:36  Spore Crawler  
  197  10:37  Drone x2  
  198  10:49  Drone x2  
  200  10:52  Spore Crawler  
  200  10:53  Spore Crawler  
  200  10:54  Spore Crawler  
  197  10:57  Zerg Flyer Armor Level 2  
  197  10:58  Zerg Flyer Weapons Level 1  
  197  11:08  Zergling x6  
  200  11:27  Baneling Nest  
  199  11:46  Spore Crawler  
  196  11:47  Spore Crawler  
  196  11:52  Infestor x3  
  195  11:57  Spore Crawler  
  195  11:58  Spore Crawler  
  195  11:59  Ultralisk  
  199  12:33  Spore Crawler x3  
  199  12:35  Spore Crawler  
  195  12:38  Spore Crawler  
  195  12:42  Spore Crawler  
  195  12:43  Spore Crawler  
  192  12:49  Viper  
  195  12:52  Infestor x15  
  195  12:57  Zerg Flyer Weapons Level 2  
  195  13:04  Queen x20  
  195  13:07  Infestor x7  
  195  13:08  Infestor x7  
  195  13:11  Centrifical Hooks  
  193  13:13  Queen x2  
  193  13:18  Infestor  
  199  13:23  Infestor  
  199  13:24  Infestor  
  199  13:25  Spire, Infestor  
  199  13:27  Spire, Infestor  
  168  13:51  Corruptor x19  
  198  14:00  Corruptor  
  196  14:12  Corruptor  
  196  14:14  Queen  
  198  14:18  Hatchery  
  198  14:46  Spawning Pool  
  197  14:56  Corruptor  
  199  15:09  Corruptor  
  199  15:10  Corruptor  
  197  15:16  Corruptor x2, Extractor  
  197  15:17  Extractor  
  189  15:32  Lair  
  189  15:34  Drone x2  
  191  15:42  Infestor x2  
  191  15:43  Infestor x2  
  191  15:51  Spore Crawler  
  191  15:52  Spore Crawler x2  
  191  15:53  Spore Crawler  
  187  15:59  Spore Crawler  
  186  16:05  Infestor x2  
  156  16:26  Corruptor x18  
  158  16:44  Hive  
  158  16:51  Infestor x2  
  162  16:54  Drone  
  162  16:55  Drone x4  
  167  17:05  Baneling  
  156  17:40  Drone, Extractor  
  156  17:41  Drone x5  
  161  17:44  Drone x3  
Tags
 
Add a new tag
Caveats
  • Supply blocks, unpowered buildings, or Contaminate may cause inaccurate times.
  • Supply counts are checked every 10 seconds.